 Dungeon Crawl Stone Soup version 0.21-a0-28-g9a7844a (webtiles) character file.

48 Chiseanne the Ducker (level 4, 0/28 HPs)
             Began as a Kobold Gladiator on May 25, 2017.
             Slain by a goblin
             ... wielding a +0 club
              (3 damage)
             ... on level 2 of the Dungeon.
             The game lasted 00:02:33 (1114 turns).

Chiseanne the Ducker (Kobold Gladiator)             Turns: 1114, Time: 00:02:34

Health: 0/28       AC:  5    Str: 11    XL:     4   Next: 0%
Magic:  4/4        EV: 22    Int:  9    God:
Gold:   61         SH:  0    Dex: 22    Spells: 3/3 levels left

rFire    . . .     SeeInvis .   a - +0 long sword
rCold    . . .     Gourm    .   (shield restricted)
rNeg     . . .     Faith    .   b - +0 leather armour
rPois    .         Spirit   .   c - +0 helmet
rElec    .         Reflect  .   n - +0 cloak (curse)
rCorr    .         Harm     .   (no gloves)
MR       .....                  (no boots)
Stlth    +++.......             (no amulet)
Regen    0.1/turn               (no ring)
MPRegen  0.1/turn               (no ring)

@: agile, lethally poisoned (0 -> -5)
A: carnivore 3
a: no special abilities


You were on level 2 of the Dungeon.
You were completely stuffed.

You visited 1 branch of the dungeon, and saw 3 of its levels.

You collected 61 gold pieces.

Inventory:

Hand Weapons
 a - a +0 long sword (weapon)
Missiles
 d - 3 throwing nets (quivered)
 e - 82 stones
Armour
 b - a +0 leather armour (worn)
 c - a +0 helmet (worn)
 n - a cursed +0 cloak (worn)
Scrolls
 g - 4 scrolls of teleportation {unknown}
 h - a scroll of enchant armour {unknown}
 q - a scroll of recharging {unknown}
Potions
 k - a potion of curing {unknown}
 l - a potion of heal wounds {unknown}
 m - a potion of flight {unknown}
 o - a potion of mutation {unknown}
 p - a potion of invisibility {unknown}
Comestibles
 f - a meat ration
 j - 3 chunks of flesh


   Skills:
 * Level 3.5 Fighting
 - Level 2.4 Long Blades
 - Level 2.1 Throwing
 - Level 0.1 Armour
 * Level 4.4 Dodging


You had 3 spell levels left.
You didn't know any spells.

Dungeon Overview and Level Annotations

Branches:
Dungeon (3/15)

Altars:
Okawaru
Ru
Xom


Innate Abilities, Weirdness & Mutations

You are small and have problems with some larger weapons.
You are carnivorous and can eat meat at any time.


Message History

You closely miss the adder.
You feel sick. The goblin misses you.
You riposte.
You closely miss the goblin. The adder completely misses you.
You barely miss the adder.
You feel sick. The adder misses you. The goblin completely misses you.
The adder bites you. The goblin hits you with a club.
* * * LOW HITPOINT WARNING * * *
You hit the adder.
The adder is lightly wounded.
* * * LOW HITPOINT WARNING * * *
You feel sick. The adder barely misses you. The goblin hits you with a club.
* * * LOW HITPOINT WARNING * * *
The adder bites you but does no damage.
You closely miss the adder.
The adder is lightly wounded.
The adder barely misses you. The goblin closely misses you.
It was a potion of agility.
You feel agile all of a sudden.
* * * LOW HITPOINT WARNING * * *
You feel sick. The adder closely misses you. The goblin hits you with a club.
You die...

.## .....# #####.##
.....## #.....##
###.# ......#
#.###### ......###
......# #.# #
.......... ...$..+
#.###### .........#
..... ###.......
.........###S.###
#.........
.........#.@g...#
#........#
......^..#......#
######....
.................#
#.#.#
.................#
####.#..
..............$.###
#....###
...................
#.##.#..
...................
#######.#
...................#
##8## #.#
...................#
8...8 #.#


You could see an adder and a goblin.

Vanquished Creatures
  A gnoll (D:1)
  A leopard gecko (D:1)
  An orc (D:3)
  3 bats (D:1)
  2 giant cockroaches (D:1)
  7 hobgoblins
  3 jackals (D:1)
  8 kobolds
  2 ball pythons
  2 frilled lizards
  2 goblins
  3 rats
35 creatures vanquished.

Notes
Turn   | Place    | Note
-------+----------+-------------------------------------------
     0 | D:1      | Chiseanne the Kobold Gladiator began the quest for the Orb.
     0 | D:1      | Reached XP level 1. HP: 12/12 MP: 1/1
   185 | D:1      | Reached XP level 2. HP: 18/18 MP: 2/2
   447 | D:1      | Reached skill level 4 in Dodging
   529 | D:1      | Reached XP level 3. HP: 22/22 MP: 3/3
   917 | D:2      | Found a shimmering altar of Xom.
   918 | D:2      | Found an iron altar of Okawaru.
   933 | D:2      | You fall through a shaft!
  1022 | D:3      | Found a sacrificial altar of Ru.
  1105 | D:2      | Reached XP level 4. HP: 28/28 MP: 4/4
  1114 | D:2      | Slain by a goblin

Vault maps used:
D:1:      dpeg_arrival_long_road, minmay_misc_feat_iff,
          hangedman_decor_opposing, nrook_loot_triangle
D:2:      nemelex_xobeh_ov_fountains_minmay, dancing_weapons_uskayaw,
          old_standard_altar, nicolae_overflow_hidden_temple,
          gammafunk_temple_overflow_wave, first_bread, uniq_robin
D:3:      nicolae_ru_awakened_eye, uniq_natasha

Skill      XL: |  1  2  3 |
---------------+----------+-----
Dodging        | 4 |  4.4
Fighting       | 3 |  3.5
Long Blades    | |  2.4
Throwing       | |  2.1
Armour         | |  0.1

Action                   |  1- 3 |  4- 6 || total
-------------------------+-------+-------++-------
Melee: Long sword        |    82 |     7 ||    89
  Use: Potion            |       |     1 ||     1
 Stab: Sleeping          |     1 |       ||     1
  Eat: Chunk             |     9 |       ||     9
Armor: Leather armour    |    18 |     3 ||    21
Dodge: Dodged            |    89 |    10 ||    99
       Rpst.: Long sword |    20 |     1 ||    21
